 Dungeon Sprint DCSS version 0.27-a0-488-g88baaf19db (webtiles) character file.

Game seed: 18380205549989348479

2800000 DavidChitty2 the Axe Maniac (level 19, -33/207 HPs)
             Began as a Minotaur Fighter on Mar 1, 2021.
             Was a Believer of Makhleb.
             Annihilated by a destroyer
             ... wielding a +9 vorpal great sword
              (203 damage)
             ... in the Dungeon (Sprint VIII: "Arena of Blood").
             The game lasted 00:01:12 (28 turns).

DavidChitty2 the Axe Maniac (Minotaur Fighter)        Turns: 28, Time: 00:01:13

Health: -33/207    AC: 13    Str: 26    XL:     19   Next: 3%
Magic:  15/40      EV: 25    Int:  5    God:    Makhleb [**....]
Gold:   0          SH:  0    Dex: 13    Spells: 55/55 levels left

rFire    . . .     SeeInvis .   k - +∞ Axe of Woe
rCold    . . .     Faith    .   (shield currently unavailable)
rNeg     . . .     Spirit   .   b - +0 scale mail
rPois    .         Reflect  .   (helmet restricted)
rElec    .         Harm     .   (no cloak)
rCorr    .         Rampage  .   (no gloves)
Will     +....     NoTele   +   (no boots)
Stlth    ++++......             (no amulet)
HPRegen  0.44/turn              (no ring)
MPRegen  0.27/turn              (no ring)

@: no status effects
A: horns 2, retaliatory headbutt
a: Renounce Religion, Minor Destruction


You were in the Dungeon.
You worshipped Makhleb.
Makhleb was pleased with you.
You visited 1 branch

Inventory:

Hand Weapons
 a - a +0 war axe
 k - the +∞ Axe of Woe (weapon)
   (You found it in the Dungeon)
Armour
 b - a +0 scale mail (worn)
 c - a +0 kite shield
Jewellery
 l - a +30 ring of slaying
   (You took it off an ogre in the Dungeon)
Scrolls
 j - a scroll of blinking
Potions
 d - a potion of might
 e - a potion of curing {@q1}
 f - a potion of heal wounds {@q2}
 g - a potion of haste {@q3}
 h - 2 potions of magic
 i - a potion of berserk rage


   Skills:
 O Level 27 Fighting
 O Level 27 Axes
 O Level 27 Armour
 O Level 27 Dodging
 - Level 11.9 Stealth
 O Level 27 Shields
 + Level 18.5 Spellcasting
 + Level 22.1 Invocations


You had 55 spell levels left.
You didn't know any spells.
Your spell library was empty.

Dungeon Overview and Level Annotations

Branches:
Dungeon (1/1)

Altars:
Makhleb


Innate Abilities, Weirdness & Mutations

You have a pair of horns on your head.
You reflexively headbutt those who attack you in melee.


Message History

You hear a shout! x6
The bag of meat hits you with a +9 war axe.
There is a burning altar of Makhleb here.
You kneel at the altar of Makhleb.
Makhleb welcomes you!
You hear a shout! x14
You dice the meat berserker like an onion!!!
You butcher the meat berserker messily.
You kill the meat berserker!
Makhleb accepts your kill.
You slash the bag of meat!
You slaughter the bag of meat joyfully.
You kill the bag of meat!
Makhleb accepts your kill.
You can now gain health from killing.
You hear a shout! x9; You hear two shouts!
Your Dodging skill gained 6 levels and is now at level 24!
Your Spellcasting skill gained 3 levels and is now at level 12!
Your Invocations skill gained 12 levels and is now at level 12!
You slash the meat berserker!
You pulverise the meat berserker into a thin bloody mist.
You kill the meat berserker!
Makhleb accepts your kill.
You hit the meat berserker.
You fatally mangle the meat berserker.
You kill the meat berserker!
Makhleb accepts your kill.
You hear a shout! x7
You have mastered Dodging!
Your Spellcasting skill gained 5 levels and is now at level 17!
Your Invocations skill gained 8 levels and is now at level 20!
You have reached level 18!
Your experience leads to an increase in your attributes!
Increase (S)trength, (I)ntelligence, or (D)exterity?
You feel agile.
You slash the bag of meat!
You pulverise the bag of meat into a thin bloody mist.
You kill the bag of meat!
Makhleb accepts your kill.
You can now harness Makhleb's destructive might.
You hear a shout! x3
The destroyer blinks!
You hear a shout!
Your Spellcasting skill increases to level 18!
Your Invocations skill gained 2 levels and is now at level 22!
You have reached level 19!
You hear a shout! x6
The destroyer blinks!
You hear a shout! x3
The bag of meat hits you with a +9 war axe!!
The destroyer hits you with a +9 vorpal great sword!!!!!
Ouch! That really hurt!
You die...

..o.......
.........
.........
#.......# #..
....# .. .###..
...###...
......###VV.§....
......._@o)oo....
....#..))O#..§...
. #_.<)_# .....
#)....# ....
........_)........
.......###........
..###.. ...###...
. #.. ...# . #..
...#


You could see 2 destroyers, a large bag of meat (inner flame) and 3 bags of
meat.

Vanquished Creatures
  6 ogres (D)
  8 orcs (D)
14 creatures vanquished.

Notes
Turn   | Place    | Note
-------+----------+-------------------------------------------
     0 | D        | Found the +∞ Axe of Woe
     0 | D        | DavidChitty2 the Minotaur Fighter began the quest for the
                  | Orb.
     0 | D        | Reached XP level 1. HP: 19/19 MP: 0/0
     1 | D        | Noticed a bag of meat
     1 | D        | Noticed a bag of meat
     4 | D        | Noticed a bag of meat
     4 | D        | Noticed a bag of meat
     8 | D        | Killed a bag of meat
     8 | D        | Noticed a meat berserker
     9 | D        | Reached skill level 15 in Fighting
     9 | D        | Reached skill level 15 in Armour
     9 | D        | Reached skill level 15 in Shields
     9 | D        | Reached XP level 2. HP: 49/49 MP: 1/1
     9 | D        | Reached XP level 3. HP: 56/56 MP: 2/2
     9 | D        | Reached XP level 4. HP: 63/63 MP: 3/3
     9 | D        | Reached XP level 5. HP: 70/70 MP: 4/4
     9 | D        | Reached XP level 6. HP: 78/78 MP: 5/5
     9 | D        | Reached XP level 7. HP: 84/84 MP: 6/6
     9 | D        | Reached XP level 8. HP: 92/92 MP: 7/7
     9 | D        | Reached XP level 9. HP: 100/100 MP: 8/8
     9 | D        | Reached XP level 10. HP: 107/107 MP: 9/9
     9 | D        | Reached XP level 11. HP: 114/114 MP: 10/10
     9 | D        | Killed a bag of meat
     9 | D        | Killed a bag of meat
    10 | D        | Reached XP level 12. HP: 130/130 MP: 11/11
    10 | D        | Reached XP level 13. HP: 137/137 MP: 12/12
    10 | D        | Noticed a bag of meat
    11 | D        | Killed a bag of meat
    12 | D        | Reached XP level 14. HP: 148/149 MP: 13/13
    12 | D        | Killed a meat berserker
    13 | D        | Reached skill level 27 in Axes
    13 | D        | Reached XP level 15. HP: 163/163 MP: 14/14
    15 | D        | Noticed a meat berserker
    15 | D        | Noticed a meat berserker
    18 | D        | Killed a meat berserker
    18 | D        | Noticed a meat berserker
    18 | D        | Noticed a meat berserker
    19 | D        | Reached skill level 27 in Fighting
    19 | D        | Reached skill level 27 in Armour
    19 | D        | Reached skill level 27 in Shields
    19 | D        | Reached skill level 1 in Stealth
    19 | D        | Reached XP level 16. HP: 183/183 MP: 14/16
    19 | D        | Killed a meat berserker
    20 | D        | Reached skill level 15 in Dodging
    20 | D        | Reached skill level 10 in Stealth
    20 | D        | Noticed a large bag of meat
    21 | D        | Noticed a destroyer
    21 | D        | Noticed a destroyer
    21 | D        | Noticed a meat berserker
    22 | D        | Reached XP level 17. HP: 178/191 MP: 14/29
    24 | D        | Became a worshipper of Makhleb the Destroyer
    25 | D        | Killed a meat berserker
    25 | D        | Reached * piety under Makhleb
    26 | D        | Killed a meat berserker
    26 | D        | Killed a meat berserker
    27 | D        | Reached skill level 27 in Dodging
    27 | D        | Reached XP level 18. HP: 187/200 MP: 15/38
    27 | D        | Reached ** piety under Makhleb
    28 | D        | Reached XP level 19. HP: 194/207 MP: 15/40
    28 | D        | Annihilated by a destroyer

Illustrated notes

Levels and vault maps discovered:
D:        meatsprint

Skill      XL: |  1  2  3  4  5  6  7  8  9 10 11 12 13 14 15 16 17 18 |
---------------+-------------------------------------------------------+-----
Fighting       | 15 19 20 23 27 | 27.0
Axes           | 20 25 26 27 | 27.0
Armour         | 15 19 20 23 27 | 27.0
Shields        | 15 19 20 23 27 | 27.0
Dodging        | 2 18 27 | 27.0
Stealth        | 1 11 | 11.9
Spellcasting   | 9 17 18 | 18.5
Invocations    | 20 22 | 22.1

Action                   |  1- 3 |  4- 6 |  7- 9 | 10-12 | 13-15 | 16-18 | 19-21 || total
-------------------------+-------+-------+-------+-------+-------+-------+-------++-------
Melee: Executioner's axe |     1 |       |       |     1 |     4 |     5 |       ||    11

Table legend: (Time is in decaauts)
 A = Elapsed time spent in this place.
 B = Non-inter-level travel time spent in this place.
 C = Inter-level travel time spent in this place.
 D = Time resting spent in this place.
 E = Time spent auto-exploring this place.
 F = Levels seen in this place.
 G = Mean time per level.
                   A        B        C        D        E       F      G
               +--------+--------+--------+--------+--------+-----+--------+
         Total |     25 |     25 |      0 |      0 |      0 |   1 |   25.0 |
       Dungeon |     25 |     25 |      0 |      0 |      0 |   1 |   25.0 |
               +--------+--------+--------+--------+--------+-----+--------+

Top non-repeatable levels by time:
       D: 25 daAuts
